 Dungeon Crawl Stone Soup version 0.18.1-48-g4cf74bf (console) character file.

202 Kloppie the Skirmisher (level 5, -3/48 HPs)
             Began as a Hill Orc Fighter on July 15, 2016.
             Slain by a wyvern (9 damage)
             ... on level 3 of the Dungeon.
             The game lasted 00:04:17 (3212 turns).

Kloppie the Skirmisher (Hill Orc Fighter)           Turns: 3212, Time: 00:04:18

Health: -3/48      AC: 11    Str: 19    XL:     5   Next: 80%
Magic:  5/5        EV:  9    Int:  8    God:
Gold:   46         SH:  4    Dex: 11    Spells: 0 memorised, 4 levels left

rFire  . . .     SeeInvis .     a - +0 war axe
rCold  . . .     Gourm    .     A - +2 scale mail {rPois}
rNeg   . . .     Faith    .     i - +0 buckler
rPois  +         Spirit   .     n - +0 helmet
rElec  .         Dismiss  .     (no cloak)
rCorr  .         Reflect  .     (no gloves)
SustAt .         Harm     .     p - +0 pair of boots
MR     .....                    (no amulet)
Stlth  ..........               (no ring)
                                (no ring)

@: not resistant to hostile enchantments, extremely unstealthy
A: no striking features
a: no special abilities


You were on level 3 of the Dungeon.
You were hungry.

You visited 1 branch of the dungeon, and saw 4 of its levels.

You collected 46 gold pieces.

Inventory:

Hand Weapons
 a - a +0 war axe (weapon)
Armour
 c - a +0 shield
 i - a +0 buckler (worn)
 n - a +0 helmet (worn)
 p - a +0 pair of boots (worn)
 A - a +2 scale mail of poison resistance (worn)
Jewellery
 v - an uncursed ring of positive energy {unknown}
 x - an uncursed ring of protection from cold {unknown}
 y - a cursed ring of teleportation {unknown}
Scrolls
 e - 2 scrolls of identify {unknown}
 o - 2 scrolls of remove curse {unknown}
 r - a scroll of teleportation {unknown}
 u - a scroll of enchant armour {unknown}
Potions
 d - a potion of flight {unknown}
 j - a potion of brilliance {unknown}
 k - 3 potions of degeneration {unknown}
 l - a potion of mutation {unknown}
 m - 2 potions of curing {unknown}
 q - a potion of heal wounds {unknown}
 s - 2 potions of haste {unknown}
Comestibles
 b - a chunk of flesh
 f - 2 bread rations
 g - a beef jerky
 h - 2 meat rations
 t - a royal jelly
 z - a slice of pizza


   Skills:
 + Level 5.4 Fighting
 + Level 5.3 Axes
 - Level 3.2 Armour
 - Level 4.2 Shields


You had 4 spell levels left.
You didn't know any spells.

Dungeon Overview and Level Annotations

Branches:
Dungeon (4/15)
 Temple: D:4-7

Altars:
Fedhas
Gozag
Okawaru
The Shining One


Message History

The hound is severely wounded.
You barely miss the wyvern.
The wyvern is moderately wounded.
You block the hound's attack. The wyvern bites you!
* * * LOW HITPOINT WARNING * * *
The hound bites you but does no damage. You block the wyvern's attack.
You completely miss the wyvern.
The wyvern is moderately wounded.
You closely miss the hound.
The hound is severely wounded.
The hound bites you but does no damage. The wyvern bites you!
* * * LOW HITPOINT WARNING * * *
The hound barely misses you.
You are feeling hungry.
You hit the wyvern.
The wyvern is heavily wounded.
You closely miss the hound.
The hound is severely wounded.
The wyvern bites you!
You die...

#....[......#.## #...........
#..........#..# #...........
#..........#.## #...........
#..........#.# #......#....
#............## #.....##.#..
#######.....รท.#####...#......#
##.###................###
#......hl.........#####
#.#.....@).......##
##.#....)(.......##
#.................#
###...............#.# ######
#...................###.....
#...##.......#......#.......
#..#####....##......#.#.....
######..##....#.###..............
#........#.####.# #####..........


You could see a wyvern and a hound.

Vanquished Creatures
  A howler monkey (D:3)
  7 gnolls
  2 adders (D:2)
  An ooze (D:2)
  A worm (D:1)
  A dart slug (D:2)
  A giant gecko (D:1)
  4 orcs (D:3)
  2 ball pythons
  A giant cockroach (D:3)
  8 goblins
  13 hobgoblins
  4 jackals (D:1)
  2 kobolds (D:2)
  2 quokkas
  8 bats
  2 giant newts
  4 rats
64 creatures vanquished.

Notes
Turn   | Place    | Note
--------------------------------------------------------------
     0 | D:1      | Kloppie the Hill Orc Fighter began the quest for the Orb.
     0 | D:1      | Reached XP level 1. HP: 19/19 MP: 1/1
   348 | D:1      | Reached XP level 2. HP: 24/27 MP: 2/2
  1118 | D:2      | Found a glowing golden altar of the Shining One.
  1131 | D:2      | Reached XP level 3. HP: 33/33 MP: 3/3
  1697 | D:2      | Reached XP level 4. HP: 30/41 MP: 4/4
  2393 | D:2      | Found an iron altar of Okawaru.
  2699 | D:3      | Found an opulent altar of Gozag.
  2719 | D:3      | Reached XP level 5. HP: 47/47 MP: 5/5
  3071 | D:3      | Found a blossoming altar of Fedhas.
  3118 | D:4      | Noticed a wyvern
  3127 | D:3      | Reached skill level 5 in Fighting
  3127 | D:3      | Reached skill level 5 in Axes
  3212 | D:3      | Slain by a wyvern

Skill      XL: |  1  2  3  4  5 |
---------------+----------------+-----
Fighting       | 4 5 |  5.4
Axes           | 3 4 5 |  5.3
Shields        | 4 |  4.2
Armour         | |  3.2

Action                   |  1- 3 |  4- 6 || total
-------------------------+-------+-------++-------
Melee: War axe           |   102 |    90 ||   192
  Use: Potion            |       |     1 ||     1
  Eat: Chunk             |     2 |     5 ||     7
Armor: Scale mail        |    61 |    70 ||   131
Dodge: Dodged            |    63 |    62 ||   125
Block: Buckler           |    19 |    37 ||    56
